 Dungeon Crawl Stone Soup version 0.18.1-6-gd335043 (webtiles) character file.

19 epen the Skirmisher (level 2, -3/24 HPs)
             Began as a Demonspawn Abyssal Knight on May 19, 2016.
             Was a Follower of Lugonu.
             Slain by a giant gecko (4 damage)
             ... on level 1 of the Dungeon.
             The game lasted 00:01:07 (576 turns).

epen the Skirmisher (Demonspawn Abyssal Knight)      Turns: 576, Time: 00:01:08

Health: -3/24      AC:  5    Str: 12    XL:     2   Next: 55%
Magic:  4/4        EV: 11    Int: 13    God:    Lugonu [*.....]
Gold:   48         SH:  0    Dex: 12    Spells: 0 memorised, 1 level left

rFire  . . .     SeeInvis .     a - +1 falchion
rCold  . . .     Gourm    .     b - +0 leather armour
rNeg   . . .     Faith    .     (no shield)
rPois  .         Spirit   .     (no helmet)
rElec  .         Dismiss  .     (no cloak)
rCorr  .         Reflect  .     (no gloves)
SustAt .         Harm     .     (no boots)
MR     .....                    (no amulet)
Stlth  +.........               (no ring)
                                (no ring)

@: not resistant to hostile enchantments, very unstealthy
A: slimy green scales 1
a: Depart the Abyss, Renounce Religion


You were on level 1 of the Dungeon.
You worshipped Lugonu.
Lugonu was aware of your devotion.
You were not hungry.

You visited 1 branch of the dungeon, and saw 1 of its levels.
You visited the Abyss 1 time.

You collected 48 gold pieces.

Inventory:

Hand Weapons
 a - a +1 falchion (weapon)
Armour
 b - a +0 leather armour (worn)
Scrolls
 d - 4 scrolls of identify {unknown}
 f - a scroll of remove curse {unknown}
 j - a scroll of magic mapping {unknown}
Potions
 e - 2 potions of might {unknown}
 h - a potion of degeneration {unknown}
 i - 2 potions of ambrosia {unknown}
 k - a potion of haste {unknown}
 l - a potion of resistance {unknown}
 m - a potion of invisibility {unknown}
Comestibles
 c - a bread ration
 g - a meat ration
 n - a slice of pizza


   Skills:
 + Level 3.1 Fighting
 * Level 2.1 Long Blades
 + Level 1.7 Armour
 + Level 1.1 Dodging
 * Level 3.1 Invocations


You had one spell level left.
You didn't know any spells.

Dungeon Overview and Level Annotations

Branches:
Dungeon (1/15)

Altars:


Innate Abilities, Weirdness & Mutations

You are partially covered in slimy green scales (AC +2).


Message History

You hit the giant gecko.
The giant gecko is severely wounded.
The giant gecko closely misses you. The goblin hits you but does no damage.
The giant gecko bites you.
You miss the giant gecko.
The giant gecko is severely wounded.
The goblin hits you but does no damage. The giant gecko bites you.
* * * LOW HITPOINT WARNING * * *
You are too injured to fight recklessly!
You are too injured to fight recklessly!
You barely miss the giant gecko.
The giant gecko is severely wounded.
The goblin closely misses you. The giant gecko bites you.
* * * LOW HITPOINT WARNING * * *
The goblin closely misses you.
You miss the giant gecko.
The giant gecko is heavily wounded.
The giant gecko bites you but does no damage.
The giant gecko bites you.
You die...

##..#
##### #.#
##.# ###
#.#####.##
##..
#.##.....#
##...
#.##.##.##
##....
#.##.##.#
#.....
#.##.##.#
##.....
#l##.##.#
#......
#@##.##.#
##......
#g##.####
#.......
#....#
#......#
#.####
##......#
#.#
#........
#.#
#........
#.#
#.......)
#..
##........
#..
#....>....


You could see a giant gecko and a goblin.

Vanquished Creatures
  A dart slug (D:1)
  2 bats (D:1)
  2 giant cockroaches (D:1)
  6 goblins (D:1)
  A hobgoblin (D:1)
  3 giant newts (D:1)
  3 kobolds (D:1)
18 creatures vanquished.

Notes
Turn   | Place    | Note
--------------------------------------------------------------
     0 | Abyss:1  | epen the Demonspawn Abyssal Knight began the quest for the Orb.
     0 | Abyss:1  | Reached XP level 1. HP: 18/18 MP: 2/2
    12 | D:1      | Escaped the Abyss
   113 | D:1      | Reached skill level 1 in Dodging
   322 | D:1      | Gained mutation: You are partially covered in slimy green scales (AC +2). [demonic ancestry]
   322 | D:1      | Reached XP level 2. HP: 18/24 MP: 4/4
   575 | D:1      | HP: 1/24 [giant gecko (5)]
   576 | D:1      | Slain by a giant gecko

Skill      XL: |  1  2 |
---------------+-------+-----
Dodging        | 1 |  1.1
Long Blades    | 2 |  2.1
Invocations    | 3 |  3.1
Fighting       | |  3.1
Armour         | |  1.7

Action                   || total
-------------------------++-------
Melee: Falchion          ||    67
Armor: Leather armour    ||    28
Dodge: Dodged            ||    51
